 Dungeon Crawl Stone Soup version 0.28-a0-750-g7c675f85b1 (webtiles) character file.

Game seed: 15181283016316278365

53 FludoriRambler the Skirmisher (level 3, 0/31 HPs)
             Began as a Demonspawn Monk on Oct 30, 2021.
             Succumbed to an adder's poison
             ... on level 2 of the Dungeon.
             The game lasted 00:03:51 (1948 turns).

FludoriRambler the Skirmisher (Demonspawn Monk)     Turns: 1948, Time: 00:03:51

Health: 0/31       AC:  5    Str: 12    XL:     3   Next: 64%
Magic:  3/3        EV: 12    Int: 11    God:
Gold:   71         SH:  0    Dex: 15    Spells: 2/2 levels left

rFire   . . .      SeeInvis .   a - +0 falchion
rCold   . . .      Faith    .   (no shield)
rNeg    . . .      Spirit   .   b - +0 robe
rPois   .          Reflect  .   (helmet restricted)
rElec   .          Harm     .   f - +2 cloak
rCorr   .          Rampage  .   (no gloves)
Will    .....                   (no boots)
Stlth   ++........              (no amulet)
HPRegen 0.10/turn               (no ring)
MPRegen 0.16/turn               (no ring)

@: mighty, brilliant, lethally poisoned (0 -> -1)
A: antennae 1, magic regeneration
a: no special abilities


You were on level 2 of the Dungeon.
You visited 1 branch of the dungeon, and saw 2 of its levels.

You collected 71 gold pieces.

Inventory:

Hand Weapons
 a - a +0 falchion (weapon)
Missiles
 h - 6 poisoned darts (quivered)
Armour
 b - a +0 robe (worn)
 f - a +2 cloak (worn)
Jewellery
 e - a ring of ice
Scrolls
 d - a scroll of torment {unknown}
 i - a scroll of magic mapping {unknown}


   Skills:
 + Level 4.7 Fighting
 - Level 2.6 Long Blades
 - Level 2.6 Dodging
 - Level 1.7 Stealth


You had 2 spell levels left.
You didn't know any spells.
Your spell library was empty.

Dungeon Overview and Level Annotations

Branches:
Dungeon (2/15)

Altars:

Shops:
D:1 *


Innate Abilities, Weirdness & Mutations

You have a pair of small antennae on your head.
You regenerate magic rapidly.


Message History

Press: ? - help, Q - select action Shift-Dir - straight line, f/p - adder
Aim: an adder (42% to hit)
You throw a poisoned dart. The poisoned dart hits the adder.
The adder is poisoned.
You feel sick. The adder bites you. The adder bites you but does no damage.
You barely miss the adder.
You feel sick. The adder bites you.
You closely miss the adder.
You feel sick.
You are no longer poisoned.
The adder barely misses you. The adder bites you but does no damage.
You barely miss the adder. The adder closely misses you. The adder bites you.
You are poisoned.
The adder poisons you!
You miss the adder.
The adder is moderately wounded.
You feel sick. The adder misses you.
It was a potion of brilliance.
You feel clever all of a sudden.
You feel sick. The adder bites you.
You are lethally poisoned!
The adder poisons you!
It was a potion of might.
You feel very mighty all of a sudden.
* * * LOW HITPOINT WARNING * * *
You feel sick.
The adder bites you but does no damage. x2
You hit the adder.
You kill the adder!
* * * LOW HITPOINT WARNING * * *
You feel sick.
* * * LOW HITPOINT WARNING * * *
You feel sick.
* * * LOW HITPOINT WARNING * * *
You feel sick.
* * * LOW HITPOINT WARNING * * *
You feel sick.
* * * LOW HITPOINT WARNING * * *
You feel sick.
* * * LOW HITPOINT WARNING * * *
You feel sick.
You die...

...[.####.##.##########
..†....##....#........#
...>..................#
######......##........#
##..#####......).###.#
#....# #............#
#..#.# ######....####
#.##...####...####
..........@.###
..#####.....## ..
#####(# ## #.(# ...(.
####.#(. .. ... ##. ..
.. .


There were no monsters in sight!

Vanquished Creatures
  3 adders (D:2)
  2 dart slugs (D:1)
  4 ball pythons
  An endoplasm (D:1)
  2 giant cockroaches
  3 hobgoblins
  A bat (D:2)
  A frilled lizard (D:2)
  5 kobolds
  2 rats
24 creatures vanquished.

Notes
Turn   | Place    | Note
-------+----------+-------------------------------------------
     0 | D:1      | FludoriRambler the Demonspawn Monk began the quest for the
                  | Orb.
     0 | D:1      | Reached XP level 1. HP: 18/18 MP: 1/1
   257 | D:1      | Found Oqes's Assorted Antiques.
   318 | D:1      | Gained mutation: You regenerate magic rapidly. [demonic
                  | ancestry]
   318 | D:1      | Reached XP level 2. HP: 22/24 MP: 2/2
   784 | D:1      | Found a faded altar of an unknown god.
  1215 | D:2      | Reached skill level 4 in Fighting
  1301 | D:2      | Gained mutation: You have a pair of small antennae on your
                  | head. [demonic ancestry]
  1301 | D:2      | Reached XP level 3. HP: 23/30 MP: 3/3
  1947 | D:2      | HP: 1/31 [poisoned by an adder]
  1948 | D:2      | Succumbed to an adder's poison

Illustrated notes

Levels and vault maps discovered:
D:1:      onia_arrival_mini_maze_b, layout_basic,
          shapermc_ecumenical_altar_mp_vishouse, serial_shops, shop
D:2:      layout_rooms

Skill      XL: |  1  2 |
---------------+-------+-----
Fighting       | 4 |  4.7
Long Blades    | |  2.6
Dodging        | |  2.6
Stealth        | |  1.7

Action                   || total
-------------------------++-------
Melee: Falchion          ||    52
Throw: Dart              ||    29
  Use: Potion            ||     2
 Stab: Sleeping          ||     5
Armor: Robe              ||    13
Dodge: Dodged            ||    32

Table legend: (Time is in decaauts)
 A = Elapsed time spent in this place.
 B = Non-inter-level travel time spent in this place.
 C = Inter-level travel time spent in this place.
 D = Time resting spent in this place.
 E = Time spent auto-exploring this place.
 F = Levels seen in this place.
 G = Mean time per level.
                   A        B        C        D        E       F      G
               +--------+--------+--------+--------+--------+-----+--------+
         Total |   1956 |   1900 |     56 |    839 |    523 |   2 |  978.0 |
       Dungeon |   1956 |   1900 |     56 |    839 |    523 |   2 |  978.0 |
               +--------+--------+--------+--------+--------+-----+--------+

Top non-repeatable levels by time:
     D:1: 1064 daAuts
     D:2: 892 daAuts
